 Dungeon Crawl Stone Soup version 0.24.0-123-gd5b16e6ec5 (webtiles) character file.

Game seed: 12181907343699155492, levelgen mode: deterministic

71 Peloso the Covered (level 4, 0/40 HPs)
             Began as a Minotaur Fighter on Dec 26, 2019.
             Slain by an orc
             ... wielding a +0 morningstar
              (2 damage)
             ... on level 3 of the Dungeon.
             The game lasted 00:02:46 (1820 turns).

Peloso the Covered (Minotaur Fighter)               Turns: 1820, Time: 00:02:47

Health: 0/40       AC:  8    Str: 21    XL:     4   Next: 5%
Magic:  3/3        EV:  7    Int:  5    God:
Gold:   81         SH:  9    Dex: 10    Spells: 3/3 levels left

rFire    . . .     SeeInvis .   a - +0 long sword
rCold    . . .     Gourm    .   c - +0 shield
rNeg     . . .     Faith    .   b - +0 scale mail
rPois    .         Spirit   .   (helmet restricted)
rElec    .         Reflect  .   (no cloak)
rCorr    .         Harm     .   (no gloves)
MR       .....                  e - +0 pair of boots
Stlth    ..........             (no amulet)
HPRegen  0.13/turn              (no ring)
MPRegen  0.08/turn              (no ring)

@: no status effects
A: retaliatory headbutt, horns 2
a: no special abilities


You were on level 3 of the Dungeon.
You were not hungry.

You visited 1 branch of the dungeon, and saw 3 of its levels.

You collected 81 gold pieces.

Inventory:

Hand Weapons
 a - a +0 long sword (weapon)
 g - a +1 vampiric spear
Armour
 b - a +0 scale mail (worn)
 c - a +0 shield (worn)
 e - a +0 pair of boots (worn)
Jewellery
 h - an uncursed amulet of harm {unknown}
 k - a +2 ring of dexterity {unknown}
Scrolls
 i - a scroll of enchant weapon {unknown}
Potions
 d - a potion of might
Comestibles
 f - 3 rations
 j - 2 chunks of flesh


   Skills:
 + Level 4.0 Fighting
 + Level 3.5 Long Blades
 + Level 4.4 Armour
 + Level 0.1 Dodging
 + Level 4.3 Shields


You had 3 spell levels left.
You didn't know any spells.
Your spell library was empty.

Dungeon Overview and Level Annotations

Branches:
Dungeon (3/15)

Altars:


Innate Abilities, Weirdness & Mutations

You reflexively headbutt those who attack you in melee.
You have a pair of horns on your head.


Message History

Found a ration.
The orc barely misses you.
You riposte.
You hit the orc but do no damage. You hit the orc but do no damage.
The orc hits you but does no damage.
You hit the orc but do no damage. The orc hits you with a +0 morningstar.
The orc hits you with a +0 morningstar!
* * * LOW HITPOINT WARNING * * *
You hit the orc. Your headbutt misses the orc.
The orc is lightly wounded.
You block the orc's attack.
You closely miss the orc.
The orc is lightly wounded.
The orc hits you with a +0 morningstar!
* * * LOW HITPOINT WARNING * * *
You hit the orc but do no damage. Your headbutt misses the orc.
The orc is lightly wounded.
The orc hits you but does no damage.
You hit the orc but do no damage. You headbutt the orc, but do no damage.
The orc is lightly wounded.
The orc hits you with a +0 morningstar.
You die...

........# .# ........#
.# ........# .#
........# #######.#
........###!......###%.
.....................
##.##.....†.......#
#.##..###........#
#.....# #....))@.#
#####.## #......o.#
....#.. #........(....
....#.. #........#####
....#.. #........#
....#......<......#
....# .###.......#
....# ........# ....#
######.###


You could see an orc.

Vanquished Creatures
  3 adders
  2 leopard geckos (D:2)
  3 orcs (D:3)
  2 bats (D:2)
  3 giant cockroaches
  7 hobgoblins
  2 jackals (D:2)
  2 ball pythons
  2 frilled lizards
  4 goblins (D:2)
  7 kobolds
  A rat (D:2)
38 creatures vanquished.

Notes
Turn   | Place    | Note
-------+----------+-------------------------------------------
     0 | D:1      | Peloso the Minotaur Fighter began the quest for the Orb.
     0 | D:1      | Reached XP level 1. HP: 19/19 MP: 0/0
   304 | D:1      | Reached XP level 2. HP: 27/27 MP: 1/1
   973 | D:2      | Reached XP level 3. HP: 33/33 MP: 2/2
  1809 | D:3      | Reached XP level 4. HP: 23/40 MP: 3/3
  1818 | D:3      | HP: 1/40 [orc/+0 morningstar (8)]
  1820 | D:3      | Slain by an orc

Levels and vault maps discovered:
D:1:      kennysheep_arrival_forest, layout_basic, serial_rivers,
          chequers_serial_rivers_micro_e, chequers_serial_rivers_large_b,
          chequers_serial_rivers_small_a, chequers_serial_rivers_micro_e,
          chequers_serial_rivers_micro_c, minmay_misc_feat_nine_boxes,
          columned_hall_lemuel, lemuel_old_faithful
D:2:      layout_basic
D:3:      layout_basic, st_stairs_1, ebering_dispersal_statue_hall,
          minmay_misc_feat_pillars

Skill      XL: |  1  2  3 |
---------------+----------+-----
Armour         | 4 |  4.4
Fighting       | 4 |  4.0
Shields        | 4 |  4.3
Long Blades    | 3 |  3.5
Dodging        | |  0.1

Action                   |  1- 3 |  4- 6 || total
-------------------------+-------+-------++-------
Melee: Long sword        |    95 |     8 ||   103
       Headbutt          |    15 |     2 ||    17
  Use: Potion            |     1 |       ||     1
  Eat: Chunk             |     3 |       ||     3
Armor: Scale mail        |    50 |     2 ||    52
Dodge: Dodged            |    25 |     2 ||    27
Block: Shield            |    39 |     3 ||    42
       Rpst.: Long sword |     9 |     2 ||    11
